 Dungeon Crawl Stone Soup version bcrawl-1.34.4 (webtiles) character file.

Game seed: 10914615801599864268

306814 KristoblXynda the Carver (level 9, -3/75 HPs)
             Began as a Pale Draconian Gladiator on Oct 23, 2021.
             Was an Initiate of Gozag.
             Slain by Pikel
             ... wielding a +0 whip of electrocution
              (11 damage)
             ... on level 7 of the Dungeon.
             The game lasted 00:10:16 (7000 turns).

KristoblXynda the Carver (Pale Draconian Gladiator) Turns: 7000, Time: 00:10:17

Health: -3/75      AC:  9    Str: 26    XL:     9   Next: 93%
Magic:  9/9        EV: 15    Int:  9    God:    Gozag
Gold:   559        SH:  2    Dex: 12    Spells: 8/8 levels left

rFire    . . .     SeeInvis .   s - +0 scimitar
rCold    . . .     Gourm    .   (no shield)
rNeg     . . .     Faith    .   (armour unavailable)
rPois    .         Spirit   .   b - +1 hat
rElec    .         Reflect  .   (no cloak)
rCorr    .         Harm     .   t - +0 pair of gloves (curse)
MR       .....                  (no boots)
Stlth    +.........             (no amulet)
HPRegen  0.22/turn              a - +6 ring of strength
MPRegen  0.11/turn              (no ring)

@: short of breath, gold aura
A: breathe steam, unfitting armour, cold-blooded, AC +7
a: Breathe Steam, Potion Petition, Call Merchant, Bribe Branch, Renounce
Religion


You were on level 7 of the Dungeon.
You worshipped Gozag.
Gozag was pleased with you.
You were very hungry.

You visited 2 branches of the dungeon, and saw 8 of its levels.

You collected 965 gold pieces.
You spent 347 gold pieces at shops.
You paid 59 gold pieces to Gozag.

Inventory:

Hand Weapons
 s - a +0 scimitar (weapon)
Missiles
 c - 3 throwing nets (quivered) {=f}
Armour
 b - a +1 hat (worn)
 t - a cursed +0 pair of gloves (worn)
Jewellery
 a - a +6 ring of strength (left hand)
 i - the amulet "Castresiu" {Inacc rN+, unknown}
   (You found it on level 7 of the Dungeon)

   [amulet of inaccuracy]

   It reduces the accuracy of all your attacks.
   It protects you from negative energy.
Scrolls
 d - a scroll of enchant weapon
 f - 4 scrolls of remove curse
 j - a scroll of enchant armour
 k - a scroll of immolation
 l - 3 scrolls of teleportation
 n - 2 scrolls of amnesia
Potions
 g - a potion of mutation
 h - 6 potions of curing
 o - a potion of haste
 p - a potion of lignification
 q - a potion of flight
 r - a potion of cancellation
 u - a potion of invisibility
 v - 2 potions of agility
Comestibles
 e - 8 rations {!d}


   Skills:
 + Level 5.7 Fighting
 + Level 9.6 Long Blades
 + Level 6.7 Throwing
 + Level 7.1 Dodging


You had 8 spell levels left.
You didn't know any spells.
Your spell library contained the following spells:

 Spells                   Type           Power        Failure   Level  Hunger
 Sting                    Conj/Pois      #...         38%         1    None
 Poisonous Vapours        Pois/Air       #.....       52%         2    ####...
 Ignite Poison            Fire/Tmut/Pois #.......     77%         3    #####..
 Olgreb's Toxic Radiance  Pois           #........    99%         4    ######.
 Summon Scorpions         Summ/Pois      #.......     99%         4    ######.
 Venom Bolt               Conj/Pois      #.........   100%        5    #######


Dungeon Overview and Level Annotations

Branches:
Dungeon (7/12)             Temple (1/1) D:5
   Lair: D:7-9

Altars:
Ashenzari
Cheibriados
Dithmenos
Elyvilon
Gozag
Lugonu
Makhleb
Okawaru
Qazlal
Ru
Trog
Uskayaw
Vehumet
Wu Jian
Zin
The Shining One

Shops:
D:5 ?   D:6 *

Annotations:
D:7 Pikel


Innate Abilities, Weirdness & Mutations

You can breathe blasts of scalding, opaque steam.
Your pale cyan-grey scales are hard. (AC +7)
You cannot fit into any form of body armour.
You are cold-blooded and may be slowed by cold attacks.


Message History

Pikel shouts!
You hit Pikel.
Pikel is no longer distracted by gold.
Your tail-slap misses Pikel.
Pikel is almost dead.
The centaur zombie is engulfed in a cloud of scalding steam.
You block Pikel's attack.
The slave is engulfed in a cloud of scalding steam.
The centaur zombie is engulfed in a cloud of scalding steam.
You miss Pikel. You tail-slap Pikel, but do no damage.
Pikel is almost dead.
Pikel is engulfed in a cloud of scalding steam.
Pikel misses you.
You barely miss Pikel. You tail-slap Pikel, but do no damage.
Pikel is almost dead.
You feel a bit more experienced.
Pikel hits you with a +0 whip of electrocution!
* * * LOW HITPOINT WARNING * * *
You are electrocuted!
You die...
Your body crumbles into a pile of gold.

...# #.. ....# ##..
.....##..## ##
..........########### ###
#. ...............#....#
#.####.
...............#....#
##...#. [.......(.....Z#@#
#....# ..............pK##
##.... .......[......$.#
#### ##...
#..##).......(.## ..# ##..
# ###.....ยง..# #.## ##<
##.......## #..# #.
##.......# ##..## ##.
#..####..######....#####..
#.## ##..##.........#....


You could see Pikel and a slave.

Vanquished Creatures
  The ghost of GodsVoicemail the Spear-Bearer, a novice MfSk of Makhleb (D:6)
  A troll (D:6)
  A queen bee (D:6)
  A hornet (D:6)
  Prince Ribbit (D:7)
  Sigmund (D:2)
  Eustachio (D:6)
  An orc warrior (D:6)
  A black bear (D:6)
  2 sky beasts
  3 slaves (D:7)
  3 ogres
  2 bullfrogs (D:7)
  A water moccasin skeleton (D:7)
  A scorpion (D:3)
  11 killer bees
  A howler monkey (D:2)
  An orc priest (D:4)
  A crimson imp (D:6)
  A centaur zombie (D:7)
  A centaur skeleton (D:5)
  3 hounds
  3 jellies
  3 orc wizards
  A bullfrog skeleton (D:5)
  3 worker ants
  A worker ant zombie (D:4)
  8 gnolls
  8 adders
  A shadow imp (D:4)
  2 oozes (D:1)
  An adder zombie (D:5)
  3 worms
  4 leopard geckos
  14 orcs
  3 ball pythons (D:1)
  A giant cockroach (D:1)
  9 goblins
  8 hobgoblins
  7 jackals
  2 quokkas
  3 bats
  4 frilled lizards
  9 kobolds
  3 rats
141 creatures vanquished.

Notes
Turn   | Place    | Note
-------+----------+-------------------------------------------
     0 | D:1      | KristoblXynda the Draconian Gladiator began the quest for
                  | the Orb.
     0 | D:1      | Reached XP level 1. HP: 19/19 MP: 1/1
   267 | D:1      | Reached XP level 2. HP: 25/26 MP: 2/2
   989 | D:2      | Reached XP level 3. HP: 33/33 MP: 3/3
  1070 | D:2      | Noticed Sigmund
  1635 | D:2      | Killed Sigmund
  1636 | D:2      | Reached skill level 4 in Long Blades
  1636 | D:2      | Reached XP level 4. HP: 33/41 MP: 4/4
  1636 | D:2      | Reached XP level 5. HP: 38/47 MP: 5/5
  2007 | D:3      | Reached XP level 6. HP: 46/53 MP: 6/6
  2466 | D:3      | Found an opulent altar of Gozag.
  2531 | D:3      | Reached skill level 5 in Fighting
  2918 | D:3      | Became a worshipper of Gozag Ym Sagoz the Greedy
  3053 | D:4      | Your scales start taking on a pale cyan-grey colour.
  3053 | D:4      | Reached XP level 7. HP: 23/61 MP: 7/7
  3054 | D:4      | Reached skill level 5 in Long Blades
  3929 | D:5      | Entered Level 5 of the Dungeon
  4048 | D:5      | Found a staircase to the Ecumenical Temple.
  4236 | D:5      | Reached skill level 6 in Long Blades
  4704 | D:5      | Found Satakipn's Magic Scroll Shoppe.
  4707 | D:5      | Bought a scroll of identify for 28 gold pieces
  4959 | Temple   | Entered the Ecumenical Temple
  5058 | D:6      | Noticed GodsVoicemail's ghost (novice MfSk)
  5061 | D:6      | Found a transporter.
  5066 | D:6      | Found a transporter.
  5114 | D:6      | Found a stormy altar of Qazlal.
  5124 | D:6      | Reached skill level 5 in Dodging
  5124 | D:6      | Reached XP level 8. HP: 68/68 MP: 8/8
  5382 | D:6      | Noticed Eustachio
  5410 | D:6      | Killed Eustachio
  5542 | D:6      | Noticed a hornet
  5653 | D:6      | Found Ibbynavy's Assorted Antiques.
  5661 | D:6      | Bought a scimitar for 84 gold pieces
  5661 | D:6      | Bought a pair of gloves for 94 gold pieces
  5670 | D:6      | Bought a shiny steel ring for 105 gold pieces
  5670 | D:6      | Bought a fuming dark potion for 18 gold pieces
  5670 | D:6      | Bought a metallic amethyst potion for 18 gold pieces
  5775 | D:6      | Noticed a queen bee
  5800 | D:6      | Noticed a troll
  5804 | D:6      | Killed a troll
  5805 | D:6      | Reached skill level 7 in Long Blades
  5805 | D:6      | Reached skill level 5 in Throwing
  6066 | D:6      | Killed a hornet
  6067 | D:6      | Reached skill level 8 in Long Blades
  6082 | D:6      | Reached XP level 9. HP: 22/74 MP: 9/9
  6106 | D:6      | Killed a queen bee
  6119 | D:6      | Killed GodsVoicemail's ghost
  6120 | D:6      | Reached skill level 9 in Long Blades
  6916 | D:7      | Got a transparent garnet amulet
  6962 | D:7      | Noticed Pikel
  6962 | D:7      | Noticed Prince Ribbit
  6996 | D:7      | Killed Prince Ribbit
  7000 | D:7      | Slain by Pikel

Skill      XL: |  1  2  3  4  5  6  7  8  9 |
---------------+----------------------------+-----
Throwing       | 2 3 4 5 6 |  6.7
Dodging        | 3 4 5 6 7 |  7.1
Fighting       | 4 5 |  5.7
Long Blades    | 4 6 8 9 |  9.6

Action                   |  1- 3 |  4- 6 |  7- 9 || total
-------------------------+-------+-------+-------++-------
Melee: Long sword        |   127 |   132 |   154 ||   413
       Tailslap          |    13 |    22 |    36 ||    71
       Scimitar          |       |       |   130 ||   130
 Abil: Breathe Steam     |       |       |    22 ||    22
  Use: Scroll            |     2 |     2 |    13 ||    17
       Potion            |     2 |     1 |     6 ||     9
 Stab: Sleeping          |     2 |       |     1 ||     3
       Distracted        |       |     1 |       ||     1
       Invisible         |       |       |     2 ||     2
  Eat: Chunk             |     5 |     7 |       ||    12
       Ration            |       |       |     6 ||     6
Armor: Skin              |    30 |    40 |    92 ||   162
Dodge: Dodged            |    71 |    74 |   252 ||   397
Block: Other             |       |     3 |    16 ||    19
